 Dungeon Crawl Stone Soup version 0.31.0-11-ge490571c62 (webtiles) character file.

Game seed: 13902193197134729288

11 Flugkiller the Chiller (level 2, -1/13 HPs)
             Began as a Vine Stalker Ice Elementalist on Feb 1, 2024.
             Slain by a goblin
             ... wielding a +1 dagger of freezing
              (2 damage)
             ... on level 2 of the Dungeon.
             The game lasted 00:00:48 (154 turns).

Flugkiller the Chiller (VSIE)                        Turns: 154, Time: 00:00:49

Health: -1/13      AC:  2    Str: 10    XL:     2   Next: 29%
Magic:  0/6        EV: 12    Int: 15    God:
Gold:   6          SH:  0    Dex: 14    Spells: 5/6 levels left

rFire   . . .        c - +0 short sword
rCold   . . .        (no shield)
rNeg    . . .        a - +0 robe
rPois   .            (no helmet)
rElec   .            (no cloak)
rCorr   .            (no gloves)
SInv    .            (no boots)
Will    .....        (no amulet)
Stlth   ++           (no ring)
HPRegen 1.02/turn    (no ring)
MPRegen 0.10/turn

%: guardian spirit
@: very slightly contaminated
A: fangs 2, regeneration 1, magic shield, antimagic bite, no potion heal 2
a: no special abilities


You were on level 2 of the Dungeon.
You visited 1 branch of the dungeon, and saw 2 of its levels.

You collected 6 gold pieces.

Inventory:

Hand Weapons
 c - a +0 short sword (weapon)
   (You found it on level 1 of the Dungeon)
Armour
 a - a +0 robe (worn)
Scrolls
 d - a scroll of identify {unknown}
Potions
 b - a potion of magic


   Skills:
 - Level 1.5 Dodging
 - Level 2.4 Stealth
 + Level 2.6 Spellcasting
 + Level 4.2 Ice Magic


You had 5 spell levels left.
You knew the following spells:

 Your Spells              Type           Power      Damage    Failure   Level
a - Freeze                Ice            56%        1d7       3%          1

Your spell library contained the following spells:

 Spells                   Type           Power      Damage    Failure   Level
 Frozen Ramparts          Ice            28%        1d5       11%         3
 Ozocubu's Armour         Ice            14%        N/A       11%         3
 Summon Ice Beast         Ice/Summ       8%         N/A       26%         3


Dungeon Overview and Level Annotations

Branches:
Dungeon (2/15) Zot: 11845

Altars:


Innate Abilities, Weirdness & Mutations

You have extremely sharp teeth.
Your natural rate of healing is unusually fast.
When hurt, damage is shared between your health and your magic reserves.
Your bite disrupts and absorbs the magic of your enemies.
Potions cannot restore your health.


Message History

You kill the ball python!
You closely miss the quokka. The quokka closely misses you.
You hit the quokka. You bite the quokka, but do no damage.
The quokka is severely wounded.
The quokka misses you.
You closely miss the quokka. You bite the quokka. You drain its power.
You feel invigorated.
The quokka is almost dead.
The quokka bites you.
Casting: Freeze (safe; 3% risk of failure)
Confirm with . or Enter, or press ? or * to list all spells.
Aiming: Freeze (safe; 3% risk of failure)
Press: ? - help, Shift-Dir - straight line, f - quokka
Aim: a quokka (almost dead)
You freeze the quokka!
You kill the quokka!
Found a faded altar of an unknown god.
Found a ring mail.
Found 6 gold pieces.
There is a faded altar of an unknown god here.
This altar belongs to (a) Ashenzari, (b) Xom or (c) Wu Jian, but you can't tell which.
Press the corresponding letter to learn more about a god, or press enter to convert or escape to cancel.
Okay, then.
You now have 6 gold pieces.
Magic restored.
There is a faded altar of an unknown god here.
You can't go down here!
There is a stone staircase leading down, spattered with blood here.
You climb downwards.
There is a stone staircase leading up here.
An orc comes into view. It is wielding a +0 falchion.
Found a scroll labelled DAESUXZ PEONY.
Found a stone staircase leading down. 2 orcs come into view.
You see here a scroll labelled DAESUXZ PEONY.
d - a scroll labelled DAESUXZ PEONY The orc shouts!
Unknown command.
The orc shouts!
The orc attacks as it pursues you! The orc hits you with a +0 mace.
You barely miss the orc. Your bite misses the orc.
The orc hits you with a +0 mace.
You hit the orc. You bite the orc. You drain its power.
You feel invigorated.
The orc is heavily wounded.
You barely miss the orc. Your bite misses the orc. The orc barely misses you.
The orc hits you with a +0 falchion.
Casting: Freeze (safe; 3% risk of failure)
Confirm with . or Enter, or press ? or * to list all spells.
Aiming: Freeze (safe; 3% risk of failure)
Press: ? - help, Shift-Dir - straight line, f - orc
Aim: an orc, wielding a +0 mace and quivering boomerangs (heavily wounded)
You freeze the orc.
The orc is heavily wounded.
The orc closely misses you. The orc hits you with a +0 falchion!
The orc completely misses you.
A goblin comes into view. It is wielding a +1 dagger of freezing.
The goblin shouts!
The orc attacks as it pursues you! The orc misses you.
You hit the orc.
The orc is lightly wounded.
The orc hits you but does no damage.
You closely miss the orc. Your bite misses the orc.
The orc is lightly wounded.
You hit the orc.
You kill the orc!
You closely miss the orc. Your bite misses the orc.
The orc is lightly wounded.
The orc barely misses you.
Casting: Freeze (safe; 3% risk of failure)
Confirm with . or Enter, or press ? or * to list all spells.
Aiming: Freeze (safe; 3% risk of failure)
Press: ? - help, Shift-Dir - straight line, f - goblin
Aim: a goblin, wielding a +1 dagger of freezing You freeze the goblin.
The goblin is moderately wounded.
The goblin hits you with a +1 dagger of freezing.
The goblin freezes you. The orc closely misses you.
An adder comes into view.
Casting: Freeze (safe; 3% risk of failure)
Confirm with . or Enter, or press ? or * to list all spells.
Aiming: Freeze (safe; 3% risk of failure)
Press: ? - help, Shift-Dir - straight line, f/p - goblin
Aim: a goblin, wielding a +1 dagger of freezing (moderately wounded)
You miscast Freeze.
You are very lightly contaminated with residual magic.
Nothing appears to happen.
The adder hisses angrily.
The goblin barely misses you.
You closely miss the goblin.
The goblin is moderately wounded.
The goblin hits you with a +1 dagger of freezing.
The goblin freezes you. The orc barely misses you.
The orc hits you with a +0 dagger.
* * * LOW HITPOINT WARNING * * *
Unknown command.
You miss the goblin. You bite the goblin, but do no damage.
The goblin is moderately wounded.
The goblin hits you with a +1 dagger of freezing.
* * * LOW HITPOINT WARNING * * *
The goblin freezes you.
You die...

...##.....# ..
#..##.....#....
#..##.#........
#..##.#.####...
#..##o..# #..##.###
#.....# .#.
##########...o###.....
##.....#...).#o@g..S...
##..)......†.......###..
#...............####
#...............#
#...............#
#...........<..)#
#...............#
#...............#
##.............##


You could see an adder, 2 orcs and a goblin.

Vanquished Creatures
  A dart slug (D:1)
  An orc (D:2)
  2 hobgoblins (D:2)
  2 quokkas (D:1)
  A ball python (D:1)
  A bat (D:2)
8 creatures vanquished.

Notes
Turn   | Place    | Note
-------+----------+-------------------------------------------
     0 | D:1      | Flugkiller the Vine Stalker Ice Elementalist began the
                  | quest for the Orb.
     0 | D:1      | Reached XP level 1. HP: 9/9 MP: 4/4
    63 | D:1      | Reached XP level 2. HP: 13/13 MP: 4/6
    84 | D:1      | Found a faded altar of an unknown god.
   154 | D:2      | Slain by a goblin

Illustrated notes

Levels and vault maps discovered:
D:1:      minmay_arrival_loop, layout_rooms, dreamdust_ecumenical_altar_grove
D:2:      cheibrodos_old_hovel, layout_rooms, serial_shops,
          nicolae_shop_statue_plus, minmay_puff

Action                     || total
---------------------------++-------
  Melee: Short sword       ||    22
         Bite              ||     7
   Cast: Freeze            ||     7
 Armour: Robe              ||    21
  Dodge: Dodged            ||    21
